[Event "1000GM NY Winter IM-C 2024"]
[Site "New York"]
[Date "2024.01.15"]
[Round "8.2"]
[White "Yoo, Eugene"]
[Black "Almeida Saenz, Alfonso"]
[Result "1/2-1/2"]
[ECO "A28"]
[WhiteElo "2168"]
[BlackElo "2222"]
[Annotator "NA"]
[PlyCount "117"]
[EventDate "2024.01.10"]
[EventType "swiss"]
[EventCountry "USA"]
[SourceTitle "playchess.com"]
[Source "ChessBase"]
[SourceQuality "1"]
[TimeControl "5400+30"]

1. c4 e5 2. Nc3 Nf6 3. Nf3 Nc6 4. e3 Bb4 5. Qc2 O-O 6. Nd5 Re8 7. Qf5 d6 8. Nxf6+ Qxf6 9. Qxf6 gxf6 10. a3 Ba5 11. b4 Bb6 12. Bb2 a5 13. b5 Ne7 14. d4 a4 15. Rc1 c5 16. d5 Ba5+ 17. Kd1 Ng6 18. h4 h5 19. Be2 Bg4 20. Ng1 Kg7 21. Bxg4 hxg4 22. Ne2 f5 23. Ng3 Ne7 24. Ke2 Rh8 25. f3 gxf3+ 26. gxf3 Rag8 27. Rh2 Kf8 28. Nh1 Rh7 29. Nf2 Rh5 30. Rch1 Bd8 31. Nd3 b6 32. f4 e4 33. Ne1 Rg6 34. Rg2 Ng8 35. Rhg1 Bxh4 36. Rxg6 fxg6 37. Rxg6 Be7 38. Bc3 Rh2+ 39. Rg2 Rh1 40. Rg6 Rh7 41. Rg2 Kf7 42. Kf1 Rh3 43. Rg7+ Kf8 44. Ke2 Rh1 45. Rg6 Rh2+ 46. Rg2 Rh7 47. Kf1 Nf6 48. Bxf6 Bxf6 49. Nc2 Kf7 50. Kg1 Rh3 51. Rh2 Rf3 52. Rh7+ Bg7 53. Kg2 Kg6 54. Rh3 Rxh3 55. Kxh3 Kh5 56. Kg3 Bf6 57. Kh3 Bh4 58. Na1 Bf6 59. Nc2 1/2-1/2

[Event "1000GM NY Winter IM-C 2024"]
[Site "New York"]
[Date "2024.01.15"]
[Round "8.3"]
[White "Chabris, Christopher"]
[Black "Kovalchuk, Igor"]
[Result "1/2-1/2"]
[ECO "B01"]
[WhiteElo "2078"]
[BlackElo "2030"]
[Annotator "NA"]
[PlyCount "52"]
[EventDate "2024.01.10"]
[EventType "swiss"]
[EventCountry "USA"]
[SourceTitle "playchess.com"]
[Source "ChessBase"]
[SourceQuality "1"]
[TimeControl "5400+30"]

1. e4 d5 2. exd5 Nf6 3. Nf3 Nxd5 4. d4 g6 5. Bc4 Bg7 6. O-O O-O 7. Re1 Nb6 8. Bb3 c5 9. c3 cxd4 10. Nxd4 e5 11. Nb5 Qxd1 12. Rxd1 Nc6 13. Be3 Na5 14. Nc7 Bg4 15. f3 Rac8 16. Bxb6 axb6 17. Nd5 Ra8 18. Nd2 Nxb3 19. Nxb3 Be6 20. Nxb6 Rxa2 21. Rxa2 Bxb3 22. Raa1 Bxd1 23. Rxd1 f5 24. Rd7 Rf7 25. Rd8+ Rf8 26. Rd7 Rf7 1/2-1/2

[Event "1000GM NY Winter IM-C 2024"]
[Site "New York"]
[Date "2024.01.15"]
[Round "8.4"]
[White "Ho, Carter"]
[Black "Mede, Istvan"]
[Result "1/2-1/2"]
[ECO "B12"]
[WhiteElo "2180"]
[BlackElo "2187"]
[Annotator "NA"]
[PlyCount "83"]
[EventDate "2024.01.10"]
[EventType "swiss"]
[EventCountry "USA"]
[SourceTitle "playchess.com"]
[Source "ChessBase"]
[SourceQuality "1"]
[TimeControl "5400+30"]

1. e4 c6 2. d4 d5 3. e5 c5 4. Nf3 cxd4 5. Nxd4 e6 6. Bd3 Nc6 7. Nxc6 bxc6 8. Be3 Ba6 9. O-O Bxd3 10. Qxd3 Ne7 11. Nd2 Nf5 12. c4 Nxe3 13. Qxe3 Be7 14. Rac1 O-O 15. Nb3 Qd7 16. cxd5 cxd5 17. Rc2 h6 18. Nd4 Bd8 19. Nc6 Bb6 20. Qd3 Rac8 21. Rfc1 Rc7 22. b4 f6 23. a4 fxe5 24. a5 Bxf2+ 25. Kh1 e4 26. Qh3 Qd6 27. b5 d4 28. b6 axb6 29. axb6 Rb7 30. Na5 Rbb8 31. Rc6 Qf4 32. Qxe6+ Kh7 33. Qg6+ Kh8 34. Rc7 Qf6 35. Qxf6 gxf6 36. b7 d3 37. Rd7 d2 38. Rcc7 d1=Q+ 39. Rxd1 Bb6 40. Re7 Bxa5 41. Rdd7 Rfd8 42. Rh7+ 1/2-1/2

[Event "1000GM NY Winter IM-C 2024"]
[Site "New York"]
[Date "2024.01.15"]
[Round "8.5"]
[White "Tanenbaum, Zachary"]
[Black "Bonin, Jay"]
[Result "1-0"]
[ECO "B15"]
[WhiteElo "2272"]
[BlackElo "2166"]
[Annotator "NA RC"]
[PlyCount "189"]
[EventDate "2024.01.10"]
[EventType "swiss"]
[EventCountry "USA"]
[SourceTitle "playchess.com"]
[Source "ChessBase"]
[SourceQuality "1"]
[TimeControl "5400+30"]

1. e4 c6 2. d4 a6 3. Nc3 d5 4. e5 c5 5. dxc5 e6 6. Qg4 Nd7 7. Nf3 Nxc5 8. Bg5 Qa5 9. b4 Qa3 10. Bd2 Nh6 11. Qf4 Na4 12. Nxa4 Qxa4 13. Bd3 Bd7 14. O-O Be7 15. Qg3 Kf8 16. a3 Bb5 17. Bxh6 gxh6 18. Qh3 Kg7 19. Qg4+ Kf8 20. Qh5 Kg7 21. Rfd1 Bxd3 22. Rxd3 Qxc2 23. Rad1 Qe2 24. Rd4 Rhc8 25. Re1 Qc2 26. Rg4+ Kf8 27. Qxh6+ Ke8 28. Rg7 Bf8 29. Rg8 Kd7 30. Qh5 Be7 31. Rg7 Rf8 32. Nd4 Qc3 33. Rd1 Rac8 34. g3 Rc4 35. Ne2 Qxa3 36. Rxf7 Rxf7 37. Qxf7 Qb3 38. Rf1 Qxb4 39. Nf4 Rxf4 40. gxf4 Qe4 41. Rc1 Qg6+ 42. Qxg6 hxg6 43. Kf1 a5 44. Ke2 b5 45. Rg1 a4 46. Kd3 b4 47. Rxg6 Bc5 48. Rg1 b3 49. Kc3 Kc6 50. f5 exf5 51. e6 Be7 52. Rg8 d4+ 53. Kc4 d3 54. Rg1 d2 55. Rd1 b2 56. Kc3 a3 57. Kb3 Bb4 58. h4 Kd6 59. h5 Kxe6 60. h6 Kf7 61. Rg1 d1=Q+ 62. Rxd1 Kg6 63. Rh1 Kh7 64. Ka2 Bc5 65. f3 Bf8 66. Rh5 Bxh6 67. Rh1 Kg6 68. Rg1+ Kf6 69. Kxa3 Bc1 70. Ka2 Ke5 71. Rh1 Kd4 72. Re1 f4 73. Kb1 Kc3 74. Re8 Kb3 75. Rc8 Bd2 76. Rb8+ Bb4 77. Rb7 Kc3 78. Rb6 Kb3 79. Rb8 Kc3 80. Rb7 Kb3 81. Rb6 Kc4 82. Kxb2 Bc5 83. Rb3 Be3 84. Kc2 Kd4 85. Rb4+ Ke5 86. Kd3 Kf5 87. Rb5+ Ke6 88. Ke4 Bc1 89. Rb6+ Ke7 90. Kf5 Kf7 91. Rb7+ Ke8 92. Ke6 Kf8 93. Kf6 Ke8 94. Re7+ Kd8 95. Re4 1-0

[Event "1000GM NY Winter IM-C 2024"]
[Site "New York"]
[Date "2024.01.15"]
[Round "8.6"]
[White "Yudasin, Leonid"]
[Black "Pagan, Jonathan"]
[Result "1/2-1/2"]
[ECO "C54"]
[WhiteElo "2353"]
[BlackElo "2018"]
[Annotator "ChessBase"]
[PlyCount "30"]
[EventDate "2024.01.10"]
[EventType "swiss"]
[EventCountry "USA"]
[SourceTitle "playchess.com"]
[Source "ChessBase"]
[SourceQuality "1"]
[TimeControl "5400+30"]

1. e4 e5 2. Nf3 Nc6 3. Bc4 Bc5 4. c3 Nf6 5. d3 d6 6. O-O a5 7. a4 O-O 8. Na3 h6 9. Nc2 Ba7 10. Be3 Be6 11. Bxa7 Rxa7 12. Bxe6 Nh5 13. Re1 fxe6 14. g3 Ne7 15. d4 Ra8 1/2-1/2

[Event "1000GM NY Winter IM-C 2024"]
[Site "New York"]
[Date "2024.01.15"]
[Round "8.7"]
[White "Hajnal, Zoltan"]
[Black "Gaw, Chloe"]
[Result "1-0"]
[ECO "B67"]
[WhiteElo "2383"]
[BlackElo "1928"]
[Annotator "ChessBase"]
[PlyCount "73"]
[EventDate "2024.01.10"]
[EventType "swiss"]
[EventCountry "USA"]
[SourceTitle "playchess.com"]
[Source "ChessBase"]
[SourceQuality "1"]
[TimeControl "5400+30"]

1. e4 c5 2. Nf3 d6 3. d4 cxd4 4. Nxd4 Nf6 5. Nc3 Nc6 6. Bg5 e6 7. Qd2 a6 8. O-O-O Bd7 9. f3 Nxd4 10. Qxd4 Be7 11. h4 h5 12. Be2 Qc7 13. f4 Qc5 14. Qd3 Bc6 15. Rhe1 b5 16. a3 b4 17. axb4 Qxb4 18. Bf3 Rb8 19. e5 Bxf3 20. exf6 Bxd1 21. fxg7 Rg8 22. Bxe7 Qxb2+ 23. Kxd1 Kxe7 24. Qd4 Kd7 25. Qf6 Kc6 26. Kd2 Rb4 27. Rb1 Qa3 28. Qxf7 Rxb1 29. Qxg8 Qc1+ 30. Kd3 Qf1+ 31. Ne2 Rd1+ 32. Ke3 Re1 33. Qa8+ Kb6 34. Qf3 Rxe2+ 35. Qxe2 Qc1+ 36. Kf3 Qa3+ 37. Qe3+ 1-0

[Event "1000GM NY Winter IM-C 2024"]
[Site "New York"]
[Date "2024.01.15"]
[Round "8.8"]
[White "Pressman, Leif"]
[Black "Mou, Iris"]
[Result "0-1"]
[ECO "B12"]
[WhiteElo "2258"]
[BlackElo "2128"]
[Annotator "NA"]
[PlyCount "84"]
[EventDate "2024.01.10"]
[EventType "swiss"]
[EventCountry "USA"]
[SourceTitle "playchess.com"]
[Source "ChessBase"]
[SourceQuality "1"]
[TimeControl "5400+30"]

1. e4 c6 2. d4 d5 3. e5 Bf5 4. Nf3 e6 5. Be2 c5 6. Be3 Qb6 7. Nc3 c4 8. Rb1 Bb4 9. O-O h6 10. a3 Bxc3 11. bxc3 Qc6 12. Nh4 Bh7 13. f4 Ne7 14. g4 Nd7 15. f5 O-O-O 16. f6 gxf6 17. exf6 Ng8 18. g5 hxg5 19. Bxg5 Ngxf6 20. Bxf6 Rdg8+ 21. Bg4 Bxc2 22. Qxc2 Rxg4+ 23. Kh1 Nxf6 24. Rxf6 Rgxh4 25. Rf2 Qd6 26. a4 Qg3 27. Rbf1 Rh3 28. Rc1 Qe3 29. Rg2 Qf3 30. Kg1 Rxh2 31. Rxh2 Rg8+ 32. Rg2 Rxg2+ 33. Qxg2 Qe3+ 34. Kh2 Qh6+ 35. Qh3 Qxc1 36. Qh8+ Kc7 37. Qf8 Qc2+ 38. Kg1 Qxa4 39. Qxf7+ Qd7 40. Qf8 b6 41. Qa8 a5 42. Kf2 Qc8 0-1

[Event "1000GM NY Winter IM-C 2024"]
[Site "New York"]
[Date "2024.01.15"]
[Round "8.9"]
[White "Martin Del Campo Cardenas, Roberto Abel"]
[Black "Venkatesh, Narayan"]
[Result "1-0"]
[ECO "C07"]
[WhiteElo "2205"]
[BlackElo "1965"]
[Annotator "NA"]
[PlyCount "109"]
[EventDate "2024.01.10"]
[EventType "swiss"]
[EventCountry "USA"]
[SourceTitle "playchess.com"]
[Source "ChessBase"]
[SourceQuality "1"]
[TimeControl "5400+30"]

1. e4 e6 2. d4 d5 3. Nd2 c5 4. exd5 Qxd5 5. Ngf3 cxd4 6. Bc4 Qd6 7. O-O Nf6 8. Nb3 Nc6 9. Nbxd4 Nxd4 10. Nxd4 Be7 11. c3 O-O 12. Qf3 Qc7 13. Bb3 a5 14. a4 Bd7 15. Re1 Bd6 16. h3 e5 17. Nb5 Bxb5 18. axb5 e4 19. Qe2 h6 20. Be3 b6 21. Ra4 Rac8 22. Rc4 Qb8 23. Rc6 Rxc6 24. bxc6 b5 25. c4 b4 26. Ba4 Rd8 27. Rd1 Be5 28. b3 Qc7 29. Rd2 Qe7 30. Qd1 Rxd2 31. Qxd2 Bc7 32. Qd4 Qd8 33. Qxd8+ Bxd8 34. g4 Bc7 35. Kf1 h5 36. g5 Nh7 37. Ke2 Nf8 38. h4 Ne6 39. Ba7 f5 40. gxf6 gxf6 41. Bb5 f5 42. f3 exf3+ 43. Kxf3 Kf7 44. Bf2 Kf6 45. c5 Ke5 46. Bc4 Nd4+ 47. Ke3 Nxc6 48. Bg3+ Kf6 49. Bxc7 Ke7 50. Bb5 Na7 51. Ba4 Ke6 52. Bxa5 Kd5 53. Bxb4 Nc8 54. Bd7 Na7 55. Kf4 1-0

[Event "1000GM NY Winter IM-C 2024"]
[Site "New York"]
[Date "2024.01.16"]
[Round "9.1"]
[White "Goktepe, Derin"]
[Black "Almeida Saenz, Alfonso"]
[Result "1/2-1/2"]
[ECO "E16"]
[WhiteElo "2187"]
[BlackElo "2222"]
[Annotator "RC"]
[PlyCount "112"]
[EventDate "2024.01.10"]
[EventType "swiss"]
[EventCountry "USA"]
[SourceTitle "playchess.com"]
[Source "ChessBase"]
[SourceQuality "1"]
[TimeControl "5400+30"]

1. d4 Nf6 2. c4 e6 3. Nf3 Bb4+ 4. Bd2 a5 5. g3 b6 6. a3 Bxd2+ 7. Nbxd2 Bb7 8. Bg2 O-O 9. O-O c5 10. e3 Ra7 11. Qc2 Nc6 12. Rfd1 cxd4 13. Nxd4 Nxd4 14. exd4 Bxg2 15. Kxg2 Qa8+ 16. Kg1 Rc8 17. Qd3 d5 18. b3 Rac7 19. a4 h5 20. h4 Qa6 21. Qf3 Rd7 22. Rac1 Rcd8 23. c5 bxc5 24. Rxc5 Qb6 25. Qc3 Ra8 26. Rc6 Qa7 27. Qc5 Rb7 28. Rc1 Qxc5 29. R1xc5 Rb4 30. Nf3 Ne4 31. Rb5 Rb8 32. Ne5 f6 33. Nd7 R8xb5 34. axb5 Rxb5 35. Rxe6 Rxb3 36. Ra6 Rb1+ 37. Kg2 Rb2 38. Rxa5 Nxf2 39. Rxd5 Ng4+ 40. Kf3 g6 41. Ra5 Kf7 42. Nc5 Rf2+ 43. Ke4 Re2+ 44. Kf4 Rf2+ 45. Ke4 f5+ 46. Kd5 Ne3+ 47. Kc6 f4 48. Ra7+ Kg8 49. gxf4 Rxf4 50. Ne6 Rxh4 51. Rg7+ Kh8 52. Rxg6 Rh1 53. d5 Rc1+ 54. Kd6 Rd1 55. Rh6+ Kg8 56. Rxh5 Rxd5+ 1/2-1/2

[Event "1000GM NY Winter IM-C 2024"]
[Site "New York"]
[Date "2024.01.16"]
[Round "9.2"]
[White "Kovalchuk, Igor"]
[Black "Yoo, Eugene"]
[Result "0-1"]
[ECO "A02"]
[WhiteElo "2030"]
[BlackElo "2168"]
[Annotator "NA RC"]
[PlyCount "60"]
[EventDate "2024.01.10"]
[EventType "swiss"]
[EventCountry "USA"]
[SourceTitle "playchess.com"]
[Source "ChessBase"]
[SourceQuality "1"]
[TimeControl "5400+30"]

1. f4 c5 2. Nf3 Nc6 3. e3 g6 4. c3 Nf6 5. d4 d5 6. Nbd2 Bg7 7. Bb5 Qb6 8. Bd3 O-O 9. O-O Ne8 10. Kh1 Nd6 11. dxc5 Qxc5 12. e4 dxe4 13. Nxe4 Nxe4 14. Bxe4 Be6 15. Bxc6 bxc6 16. Nd4 Bd5 17. Be3 Qd6 18. Nb3 Rfd8 19. Qe1 Qb8 20. Rd1 a5 21. Rf2 a4 22. Nc1 Be4 23. Rxd8+ Qxd8 24. Rd2 Qc7 25. Ne2 e5 26. fxe5 Bxe5 27. Bd4 Re8 28. Qh4 Bxd4 29. Nxd4 Bd5 30. a3 Qf4 0-1

[Event "1000GM NY Winter IM-C 2024"]
[Site "New York"]
[Date "2024.01.16"]
[Round "9.4"]
[White "Bonin, Jay"]
[Black "Ho, Carter"]
[Result "1-0"]
[ECO "E11"]
[WhiteElo "2166"]
[BlackElo "2180"]
[Annotator "NA RC"]
[PlyCount "117"]
[EventDate "2024.01.10"]
[EventType "swiss"]
[EventCountry "USA"]
[SourceTitle "playchess.com"]
[Source "ChessBase"]
[SourceQuality "1"]
[TimeControl "5400+30"]

1. d4 Nf6 2. Nf3 d5 3. c4 e6 4. g3 Bb4+ 5. Bd2 Be7 6. Bg2 O-O 7. Qc2 c6 8. O-O Nbd7 9. Bg5 Ne4 10. Bxe7 Qxe7 11. Nbd2 f5 12. Rac1 g5 13. Ne5 Nxe5 14. dxe5 Bd7 15. cxd5 exd5 16. f4 gxf4 17. gxf4 Kh8 18. Kh1 Rg8 19. Nxe4 fxe4 20. Qc3 Bf5 21. Rg1 Qe6 22. b4 Rg6 23. Qe3 Rag8 24. Qxa7 h5 25. Qf2 h4 26. Bh3 Rxg1+ 27. Rxg1 Rxg1+ 28. Kxg1 Bxh3 29. Qxh4+ Kg7 30. Kf2 Bf5 31. Ke3 Bg6 32. Kd4 Kf7 33. e3 Qe7 34. Qxe7+ Kxe7 35. a4 Bf5 36. h4 Kd7 37. h5 Ke7 38. a5 Kf7 39. b5 cxb5 40. Kxd5 Bg4 41. Kc5 Bxh5 42. Kxb5 Be2+ 43. Kb6 Ba6 44. f5 Ke7 45. Kc7 Kf7 46. Kd8 Bb5 47. Kc7 Ba6 48. Kd7 Be2 49. Kd6 Bg4 50. e6+ Kf6 51. e7 Bh5 52. Kd7 Kxf5 53. e8=Q Bxe8+ 54. Kxe8 Ke6 55. Kd8 Kd6 56. Kc8 Kc6 57. Kb8 Kb5 58. Kxb7 Kxa5 59. Kc6 1-0

[Event "1000GM NY Winter IM-C 2024"]
[Site "New York"]
[Date "2024.01.16"]
[Round "9.5"]
[White "Yudasin, Leonid"]
[Black "Tanenbaum, Zachary"]
[Result "1/2-1/2"]
[ECO "C26"]
[WhiteElo "2353"]
[BlackElo "2272"]
[Annotator "TA"]
[PlyCount "68"]
[EventDate "2024.01.10"]
[EventType "swiss"]
[EventCountry "USA"]
[SourceTitle "playchess.com"]
[Source "ChessBase"]
[SourceQuality "1"]
[TimeControl "5400+30"]

1. e4 e5 2. Nf3 Nc6 3. Nc3 Nf6 4. g3 Bc5 5. Bg2 d6 6. d3 a5 {[%emt 0:00:17] is the new trend. C26: Vienna Game: 2...Nf6, sidelines .} 7. O-O a4 8. a3 O-O {[%emt 0:00:42] The position is equal.} 9. Be3 h6 10. h3 {[%emt 0:02:53] [#]} Bxe3 $146 ({Predecessor:} 10... Nd4 11. Bxd4 Bxd4 12. Nxd4 exd4 13. Ne2 c5 14. Qd2 Qb6 15. g4 Re8 16. f4 c4 {1-0 Naroditsky,D (2619)-Chigaev,M (2615) Titled Tuesday intern op 12th Sep Late blitz 2023 (4)}) 11. fxe3 Ne7 12. Nh4 Nh7 13. Nf5 Bxf5 14. exf5 c6 15. d4 Qc7 16. g4 d5 17. dxe5 Qxe5 18. Qd4 Qxd4 ({Don't do} 18... Qg3 19. Qf4 (19. Nxa4 Ng5 $11) 19... Qh4 20. Rad1 $14 (20. Nxa4 Nxf5 21. Nc3 Ne7 $15)) 19. exd4 Nf6 20. Rfe1 Rfe8 21. Kf2 b5 22. Na2 Kf8 23. Nb4 Nd7 24. Bf1 Rac8 25. Re3 Ng8 26. Rae1 {[%emt 0:01:48][%cal Ba1e1,Be1e3,Be3c3][%mdl 32] [#] And now Rxe8+ would win.} (26. Rc3 $5 ) 26... Rxe3 27. Rxe3 Nb6 28. Rc3 Ne7 29. Re3 Rc7 30. Kf3 Rb7 31. Rc3 Nc4 32. Bxc4 dxc4 33. Re3 Rd7 34. c3 Rb7 {[%emt 0:22:36] Weighted Error Value: White=0.08 (flawless) /Black=0.09 (flawless)} (34... Rd6 $1 $11) 1/2-1/2

[Event "1000GM NY Winter IM-C 2024"]
[Site "New York"]
[Date "2024.01.15"]
[Round "9.6"]
[White "Pagan, Jonathan"]
[Black "Hajnal, Zoltan"]
[Result "1/2-1/2"]
[WhiteElo "2018"]
[BlackElo "2383"]
[Annotator "TA"]
[PlyCount "32"]
[EventDate "2024.01.10"]
[EventType "swiss"]
[EventCountry "USA"]
[SourceTitle "playchess.com"]
[Source "ChessBase"]
[SourceQuality "1"]
[TimeControl "5400+30"]

1. d4 d5 2. c4 c6 3. cxd5 cxd5 4. Bf4 Nf6 5. e3 Nc6 6. Nc3 a6 7. Be2 Bf5 8. Nf3 e6 9. Qb3 {[%emt 0:00:05] D13: Slav Defence: Exchange variation without ...Bf5.} Bd6 10. Bxd6 {[%emt 0:00:10] [#] A rather calm draw.} ({Much weaker is} 10. Qxb7 Na5 $11) {Predecessor:} 10... Qxd6 $146 11. Qxb7 O-O 12. Qb3 Rfb8 13. Qa3 Qxa3 14. bxa3 Ne4 15. Na4 Na7 16. Ne5 Nb5 {½-½ Vidit,S (2670)-Korobov,A (2695) Dubai op 19th 2017 (8)} 1/2-1/2

[Event "1000GM NY Winter IM-C 2024"]
[Site "New York"]
[Date "2024.01.16"]
[Round "9.7"]
[White "Gaw, Chloe"]
[Black "Pressman, Leif"]
[Result "1/2-1/2"]
[ECO "E91"]
[WhiteElo "1928"]
[BlackElo "2258"]
[Annotator "NA RC"]
[PlyCount "119"]
[EventDate "2024.01.10"]
[EventType "swiss"]
[EventCountry "USA"]
[SourceTitle "playchess.com"]
[Source "ChessBase"]
[SourceQuality "1"]
[TimeControl "5400+30"]

1. d4 Nf6 2. c4 g6 3. Nc3 Bg7 4. e4 d6 5. Be2 O-O 6. Nf3 Bg4 7. Be3 Nfd7 8. Qd2 c5 9. d5 Qa5 10. Nb5 Qxd2+ 11. Nxd2 Bxe2 12. Kxe2 Na6 13. Nc3 Nc7 14. h3 Rab8 15. a4 Na6 16. Rac1 Nb4 17. Nf3 a6 18. Rhd1 Nb6 19. b3 Nd7 20. Ne1 f5 21. exf5 gxf5 22. Bg5 Kf7 23. Nd3 h6 24. Bf4 Nxd3 25. Kxd3 Rg8 26. g3 h5 27. Re1 Ne5+ 28. Bxe5 Bxe5 29. Ne2 b5 30. Rb1 h4 31. gxh4 Rh8 32. Ng3 Rxh4 33. axb5 f4 34. Ne4 axb5 35. Ng5+ Kg6 36. Nf3 Rxh3 37. Ke4 Kf6 38. Rg1 Rhh8 39. Rg5 Kf7 40. Nxe5+ dxe5 41. cxb5 Rxb5 42. Kxe5 c4 43. Rf5+ Ke8 44. Ra1 cxb3 45. Ra8+ Kd7 46. Rxh8 b2 47. Rh1 b1=Q 48. Rxb1 Rxb1 49. Rxf4 Rh1 50. Re4 Rh5+ 51. Kd4 Rh1 52. f4 Rd1+ 53. Ke5 Rh1 54. Ra4 Re1+ 55. Kf5 Rd1 56. Ra7+ Kd6 57. Ra6+ Kd7 58. Ra7+ Kd6 59. Ra6+ Kd7 60. Ra7+ 1/2-1/2

[Event "1000GM NY Winter IM-C 2024"]
[Site "New York"]
[Date "2024.01.16"]
[Round "9.8"]
[White "Mou, Iris"]
[Black "Martin Del Campo Cardenas, Roberto Abel"]
[Result "1-0"]
[ECO "B52"]
[WhiteElo "2128"]
[BlackElo "2205"]
[Annotator "RC"]
[PlyCount "109"]
[EventDate "2024.01.10"]
[EventType "swiss"]
[EventCountry "USA"]
[SourceTitle "playchess.com"]
[Source "ChessBase"]
[SourceQuality "1"]
[TimeControl "5400+30"]

1. e4 c5 2. Nf3 d6 3. Bb5+ Bd7 4. Bxd7+ Qxd7 5. O-O Nc6 6. c3 Nf6 7. d4 cxd4 8. cxd4 d5 9. e5 Ne4 10. Re1 e6 11. a3 Be7 12. Qd3 O-O 13. Nbd2 Nxd2 14. Bxd2 Rac8 15. Re3 Bd8 16. h4 Ne7 17. h5 Qa4 18. Bc3 Nf5 19. Ree1 Qa6 20. Qd2 Ne7 21. g4 Nc6 22. b4 Qa4 23. Kg2 a5 24. Qd3 Na7 25. bxa5 Qc4 26. Qxc4 Rxc4 27. Bb4 Re8 28. Rec1 Nc6 29. Rxc4 dxc4 30. Rc1 Nxa5 31. Bxa5 Bxa5 32. Rxc4 h6 33. Ra4 Ra8 34. Rc4 Kf8 35. a4 Ke7 36. Kg3 Kd7 37. Kf4 Ra6 38. Ke4 Rb6 39. Rc5 Bb4 40. Rb5 Kc6 41. Rxb6+ Kxb6 42. d5 exd5+ 43. Kxd5 Ka5 44. Nd4 Kxa4 45. f4 b5 46. f5 Be7 47. Kc6 b4 48. Kd7 Bc5 49. e6 fxe6 50. fxe6 Bxd4 51. e7 b3 52. e8=Q b2 53. Qe4 Kb5 54. Qd5+ Ka6 55. Qb3 1-0

[Event "1000GM NY Winter IM-C 2024"]
[Site "New York"]
[Date "2024.01.16"]
[Round "9.9"]
[White "Venkatesh, Narayan"]
[Black "Rohde, Michael"]
[Result "1/2-1/2"]
[ECO "E95"]
[WhiteElo "1965"]
[BlackElo "2333"]
[Annotator "TA"]
[PlyCount "56"]
[EventDate "2024.01.10"]
[EventType "swiss"]
[EventCountry "USA"]
[SourceTitle "playchess.com"]
[Source "ChessBase"]
[SourceQuality "1"]
[TimeControl "5400+30"]

1. d4 Nf6 2. c4 d6 3. Nc3 Nbd7 4. e4 e5 5. Nf3 g6 6. Be2 Bg7 7. O-O O-O 8. Re1 c6 9. dxe5 dxe5 10. h3 {[%emt 0:07:17] E95: King's Indian: Classical: 7...Nbd7 8 Re1.} Qe7 11. Be3 Nc5 12. Qc2 Nh5 13. Bf1 Nf4 14. Rad1 a5 (14... Nce6 $5) 15. Kh2 ({Better is} 15. Bxc5 $11 Qxc5 16. Na4) 15... Re8 {[%emt 0:05:53] [#]} 16. Qd2 $146 ({Predecessor:} 16. g3 Nfe6 17. b3 Bd7 18. a3 Red8 19. b4 axb4 20. axb4 Na6 21. Bb6 Nac7 22. Nd5 cxd5 23. cxd5 {0-1 Kantorik,M (2320)-Skacelik,P (2206) CZE-chT2D 1112 2011 (6)}) 16... a4 17. Qd6 Qxd6 18. Rxd6 Nfe6 19. g3 Bf8 20. Rd2 f6 21. Red1 Nc7 22. Ne1 {[%emt 0:05:41] The position is equal.} Be6 23. Nd3 N7a6 24. Nxc5 Nxc5 25. f3 a3 26. b3 Na6 27. Na4 Bb4 28. Rd3 Rab8 {[%emt 0:06:38] Weighted Error Value: White=0.09 (flawless) /Black=0.09 (flawless)} 1/2-1/2